 Dungeon Crawl Stone Soup version 0.19-a0-1442-g3b32ff5 (webtiles) character file.

15504 Ijustatesigmund the Basher (level 12, -16/112 HPs)
             Began as a Minotaur Gladiator on Sept 5, 2016.
             Was the Champion of Cheibriados.
             Killed from afar by an efreet (43 damage)
             ... with a bolt of fire
             ... on level 13 of the Dungeon.
             The game lasted 00:36:43 (10898 turns).

Ijustatesigmund the Basher (Minotaur Gladiator)    Turns: 10898, Time: 00:36:45

Health: -16/112    AC: 11    Str: 35    XL:     12   Next: 1%
Magic:  15/17      EV: 23    Int: 24    God:    Cheibriados [******]
Gold:   619        SH:  7    Dex: 32    Spells: 1 memorised, 9 levels left

rFire  . . .     SeeInvis .     E - +3 flail
rCold  . . .     Gourm    .     n - +3 leather armour
rNeg   . . .     Faith    .     t - +0 buckler
rPois  .         Spirit   .     O - +1 hat
rElec  .         Dismiss  .     (no cloak)
rCorr  .         Reflect  .     K - +2 pair of gloves
MR     .....     Harm     .     (no boots)
Stlth  ++........               A - amulet of regeneration
                                S - +3 ring of evasion
                                k - +5 ring of dexterity

@: lethally poisoned (-16 -> -16), slowed, studying Axes, very slow
A: retaliatory headbutt, horns 2
a: Bend Time, Temporal Distortion, Slouch, Step From Time, Renounce Religion


You were on level 13 of the Dungeon.
You worshipped Cheibriados.
Cheibriados was exalted by your worship.
You were hungry.

You visited 2 branches of the dungeon, and saw 14 of its levels.

You collected 619 gold pieces.

Inventory:

Hand Weapons
 o - a +2 flail of crushing
 y - the +8 quarterstaff of the Slime-mould {crush, Dex+4 SInv}
   (You found it on level 5 of the Dungeon)

   It inflicts extra damage upon your enemies.
   It affects your dexterity (+4).
   It lets you see invisible.
 E - a +3 flail (weapon)
 T - a +1 dire flail of holy wrath
Missiles
 c - 5 silver tomahawks (quivered)
 l - 5 javelins
Armour
 n - a +3 leather armour (worn)
 t - a +0 buckler (worn)
 K - a +2 pair of gloves (worn)
 O - a +1 hat (worn)
Jewellery
 k - a +5 ring of dexterity (left hand)
 q - an uncursed ring of stealth
 x - an uncursed ring of fire
 A - an amulet of regeneration (around neck)
 S - a +3 ring of evasion (right hand)
 U - a +5 ring of intelligence
Wands
 r - a wand of paralysis (10/24)
 F - a wand of confusion (18/48)
 H - a wand of digging (14/24)
 R - a wand of iceblast (4/15)
 W - a wand of acid (7/15)
Scrolls
 a - a scroll of fog
 b - 2 scrolls of enchant armour
 h - 10 scrolls of remove curse
 p - 2 scrolls of blinking
 G - 2 scrolls of teleportation
 N - a scroll of amnesia
Potions
 e - 5 potions of brilliance
 i - 3 potions of flight
 s - a potion of agility
 v - 2 potions of resistance
 w - 3 potions of curing
 B - a potion of cure mutation
 I - 2 potions of lignification
 L - 4 potions of might
Books
 z - a book of Dreams

   Spells                             Type                      Level
   a - Ensorcelled Hibernation        Hexes/Ice                    2
   b - Silence                        Hexes/Air                    5
   c - Darkness                       Hexes                        6
   d - Shadow Creatures               Summoning                    6
 J - a manual of Axes
 M - a book of the Dragon

   Spells                             Type                      Level
   a - Flame Tongue                   Conjuration/Fire             1
   b - Cause Fear                     Hexes                        4
   c - Bolt of Fire                   Conjuration/Fire             6
   d - Dragon Form                    Transmutation                7
   e - Dragon's Call                  Summoning                    9
Comestibles
 f - 4 bread rations
 g - 4 beef jerkies
 j - 7 meat rations
 m - 8 slices of pizza
 u - 28 fruits


   Skills:
 + Level 12.2 Fighting
 + Level 12.5 Maces & Flails
 - Level 2.0 Throwing
 - Level 5.8 Armour
 - Level 7.0 Dodging
 - Level 4.0 Shields
 - Level 3.0 Hexes
 - Level 3.1 Ice Magic
 - Level 8.2 Invocations


You had 9 spell levels left.
You knew the following spells:

 Your Spells              Type           Power        Failure   Level  Hunger
a - Ensorcelled Hibernat  Hex/Ice        ##....       10%         2    ###....


Dungeon Overview and Level Annotations

Branches:
Dungeon (13/15)            Temple (1/1) D:4            Lair (0/6) D:10
    Orc (0/2) D:10
 Vaults: D:13-14

Altars:
Ashenzari
Cheibriados
Dithmenos
Elyvilon
Fedhas
Gozag
Hepliaklqana
Kikubaaqudgha
Makhleb
Nemelex Xobeh
Okawaru
Qazlal
Ru
Sif Muna
Trog
Uskayaw
Vehumet
Xom
Yredelemnul
Zin
The Shining One

Annotations:
D:13 Azrael


Innate Abilities, Weirdness & Mutations

You reflexively headbutt those who attack you in melee.
You have a pair of horns on your head.


Message History

The efreet completely resists.
The fireball engulfs the fire elemental.
The fire elemental completely resists.
The fireball engulfs you!
* * * LOW HITPOINT WARNING * * *
The fireball engulfs Azrael.
Azrael completely resists.
The fire elemental completely misses you.
You furiously retaliate!
You headbutt the fire elemental!
You destroy the fire elemental!
Cheibriados thoroughly appreciates the change of pace.
The efreet gestures at you.
The fireball explodes!
The fireball engulfs you!
* * * LOW HITPOINT WARNING * * *
You hear a bark!
You hear an angry hiss.
You hear a shout! x3
You feel much better.
You feel sick.
The fire elemental completely misses you.
You furiously retaliate!
You headbutt the fire elemental! The efreet gestures at you.
The bolt of fire misses the fire elemental.
The bolt of fire hits you!
You die... .....≈≈..... .......... .≈≈..[.. ≈≈....# ≈hho.
RhR

#E# #####@# #..()(#
#.##### #.####### .
#.......# .#####
#......[#
.....#######.......#
.....#.............#
.....#.######......#


You could see Azrael, an efreet, a fire elemental, 3 hell hounds and an orc.

Vanquished Creatures
  A hydra (D:9)
  A centaur warrior (D:13)
  Nergalle (D:11)
  Sonja (D:13)
  An unseen horror (D:9)
  Pikel (D:9)
  2 ugly things
  An elephant (shapeshifter) (D:13)
  3 trolls
  2 dream sheep (D:9)
  2 wraiths
  A wyvern (D:12)
  15 yaks
  A fire elemental (D:13)
  A hippogriff (D:10)
  2 wargs (D:10)
  A water moccasin (D:10)
  3 ice beasts
  10 orc warriors
  A black bear (D:8)
  A phantom (D:9)
  4 ogres
  5 centaurs
  4 big kobolds
  10 giant frogs
  Blork the orc (D:4)
  A gnoll sergeant (D:8)
  A wyvern skeleton (D:10)
  A water moccasin skeleton (D:6)
  17 killer bees
  6 wights
  4 howler monkeys
  7 crimson imps
  A centaur zombie (D:9)
  5 jellies
  4 giant frog zombies
  2 quasits
  7 hounds
  10 orc priests
  20 orc wizards
  A centaur skeleton (D:11)
  7 iguanas
  7 worker ants
  2 hound zombies
  A howler monkey zombie (D:6)
  12 gnolls
  7 adders
  4 river rats (D:5)
  8 shadow imps
  2 oozes
  2 adder skeletons
  3 worms
  A dart slug (D:6)
  5 giant geckos
  47 orcs
  A giant cockroach (D:4)
  12 goblins
  8 hobgoblins
  2 jackals (D:7)
  10 kobolds
  4 quokkas
  10 bats
  A giant gecko skeleton (D:8)
  5 giant newts
  A quokka skeleton (D:7)
  3 rats
  3 plants (D:10)
331 creatures vanquished.

Vanquished Creatures (others)
  3 slaves (D:9)
  A giant gecko (D:9)
  An orc (D:9)
  A plant (D:5)
6 creatures vanquished.

Grand Total: 337 creatures vanquished

Notes
Turn   | Place    | Note
-------+----------+-------------------------------------------
     0 | D:1      | Ijustatesigmund the Minotaur Gladiator began the quest for the Orb.
     0 | D:1      | Reached XP level 1. HP: 18/18 MP: 0/0
   252 | D:1      | Reached XP level 2. HP: 21/25 MP: 1/1
  1081 | D:2      | Reached XP level 3. HP: 33/33 MP: 2/2
  1100 | D:2      | Found a deep blue altar of Sif Muna.
  2063 | D:3      | Reached XP level 4. HP: 33/40 MP: 3/3
  2072 | D:3      | Reached skill level 5 in Maces & Flails
  2514 | D:3      | Found a blossoming altar of Fedhas.
  2603 | D:4      | Found a shattered altar of Ashenzari.
  2685 | D:3      | Reached XP level 5. HP: 47/47 MP: 4/4
  2803 | D:3      | Found a bloodstained altar of Trog.
  2898 | D:3      | Reached skill level 5 in Fighting
  3088 | D:4      | Found a staircase to the Ecumenical Temple.
  3351 | D:4      | Noticed Blork the orc
  3357 | D:4      | Killed Blork the orc
  3357 | D:4      | Reached XP level 6. HP: 56/56 MP: 5/5
  3759 | Temple   | Entered the Ecumenical Temple
  3972 | D:5      | Entered Level 5 of the Dungeon
  4077 | D:5      | Got a shimmering quarterstaff
  4083 | D:5      | Identified the +8 quarterstaff of the Slime-mould {crush, Dex+4 SInv} (You found it on level 5 of the Dungeon)
  4170 | D:5      | Found a snail-covered altar of Cheibriados.
  4352 | D:5      | Found a radiant altar of Vehumet.
  4354 | D:5      | Reached XP level 7. HP: 48/64 MP: 6/6
  4616 | D:5      | Became a worshipper of Cheibriados the Contemplative
  4676 | D:5      | Found a glowing silver altar of Zin.
  4894 | D:6      | Reached skill level 1 in Invocations
  4978 | D:6      | Found a snail-covered altar of Cheibriados.
  5110 | D:6      | Reached XP level 8. HP: 37/74 MP: 8/8
  5317 | D:6      | Reached * piety under Cheibriados
  5567 | D:6      | Found a hazy altar of Hepliaklqana.
  5688 | D:7      | Reached skill level 1 in Armour
  5857 | D:7      | Reached ** piety under Cheibriados
  6004 | D:7      | Reached XP level 9. HP: 72/83 MP: 11/11
  6348 | D:8      | Reached skill level 5 in Invocations
  6350 | D:8      | Reached skill level 10 in Maces & Flails
  6436 | D:8      | Found an ancient bone altar of Kikubaaqudgha.
  6464 | D:8      | Reached *** piety under Cheibriados
  6567 | D:8      | Found an iron altar of Okawaru.
  6738 | D:8      | Found a shadowy altar of Dithmenos.
  6738 | D:8      | Found a burning altar of Makhleb.
  6766 | D:8      | Reached skill level 10 in Fighting
  7259 | D:9      | Reached **** piety under Cheibriados
  7325 | D:9      | Found a stormy altar of Qazlal.
  7344 | D:9      | Noticed Pikel
  7348 | D:9      | Killed Pikel
  7348 | D:9      | Reached skill level 5 in Armour
  7435 | D:9      | Reached XP level 10. HP: 94/94 MP: 13/13
  7784 | D:9      | Noticed a three-headed hydra
  7891 | D:9      | Killed a three-headed hydra
  7949 | D:9      | Noticed an unseen horror
  7969 | D:9      | Killed an unseen horror
  8163 | D:9      | Reached ***** piety under Cheibriados
  8186 | D:10     | Entered Level 10 of the Dungeon
  8238 | D:10     | Learned a level 2 spell: Ensorcelled Hibernation
  8268 | D:10     | Reached skill level 1 in Hexes
  8268 | D:10     | Reached skill level 1 in Ice Magic
  8337 | D:10     | Found a staircase to the Lair.
  8448 | D:10     | Found a staircase to the Orcish Mines.
  8498 | D:10     | Reached XP level 11. HP: 95/104 MP: 14/14
  8545 | D:10     | Found an opulent altar of Gozag.
  8805 | D:10     | Noticed a purple ugly thing
  8817 | D:10     | Killed a purple ugly thing
  9101 | D:11     | Noticed Nergalle
  9109 | D:11     | Killed Nergalle
  9265 | D:11     | Reached ****** piety under Cheibriados
  9469 | D:11     | Reached skill level 5 in Dodging
 10211 | D:12     | Reached skill level 1 in Shields
 10670 | D:13     | Noticed a green ugly thing
 10684 | D:13     | Killed a green ugly thing
 10827 | D:13     | Noticed a centaur warrior
 10836 | D:13     | Killed a centaur warrior
 10879 | D:13     | Noticed Sonja
 10889 | D:13     | Noticed Azrael
 10893 | D:13     | Killed Sonja
 10893 | D:13     | Reached XP level 12. HP: 87/112 MP: 14/17
 10898 | D:13     | Killed from afar by an efreet

Vault maps used:
D:1:      saegor_arrival_simple_c, minmay_pentomino_q2
D:2:      led_sif_pool, first_bread, grunt_ministairs_1
D:3:      lightli_temple_of_fire, fedhas_altar_fruit_tree
D:4:      lemuel_round_altar, uniq_blork_the_orc
D:5:      wad_woods_stonehenge, lemuel_round_altar,
          nicolae_overflow_crystal_walls, minmay_misc_feat_chi,
          grunt_decor_one_mirror
D:6:      lemuel_round_altar, kennysheep_slug_shrine
D:8:      kiku_gazebo_garden_becter, grunt_temple_overflow_open,
          okawaru_altar_gauntlet_db
D:9:      nicolae_qazlal_general_emergency, hangedman_ranch, hex_intersection,
          uniq_pikel
D:10:     dpeg_oklobed_lair, david_orc_1_choice,
          nicolae_gozag_cash_rules_everything_around_me
D:11:     uniq_nergalle
D:13:     uniq_sonja, uniq_erolcha, uniq_kirke, uniq_azrael
Temple:   dpeg_chambers_temple

Skill      XL: |  1  2  3  4  5  6  7  8  9 10 11 |
---------------+----------------------------------+-----
Maces & Flails | 4 5 6 7 8 9 10 12 | 12.5
Fighting       | 3 4 5 6 7 9 10 11 12 | 12.2
Invocations    | 2 4 6 8 |  8.2
Armour         | 2 5 |  5.8
Hexes          | 2 3 |  3.0
Ice Magic      | 2 3 |  3.1
Dodging        | 7 |  7.0
Shields        | 4 |  4.0
Throwing       | |  2.0

Action                   |  1- 3 |  4- 6 |  7- 9 | 10-12 || total
-------------------------+-------+-------+-------+-------++-------
Melee: Flail             |    82 |    55 |       |   106 ||   243
       Headbutt          |    13 |    19 |    43 |    98 ||   173
       Quarterstaff      |       |    32 |   176 |   188 ||   396
Throw: Tomahawk          |       |     1 |     2 |     2 ||     5
       Throwing net      |       |       |     2 |     2 ||     4
 Cast: Ensorcelled Hiber |       |       |       |     4 ||     4
  Use: Scroll            |     7 |     5 |    12 |     8 ||    32
       Potion            |     1 |       |     2 |     2 ||     5
 Stab: Sleeping          |     2 |       |    12 |     9 ||    23
       Distracted        |       |       |       |     2 ||     2
       Invisible         |       |       |       |     1 ||     1
  Eat: Chunk             |     3 |     4 |     6 |     4 ||    17
       Fruit             |       |     2 |     2 |       ||     4
       Pizza             |       |     1 |       |       ||     1
       Royal jelly       |       |       |       |     1 ||     1
Armor: Leather armour    |    27 |    23 |    30 |    80 ||   160
Dodge: Dodged            |    54 |    40 |   125 |   249 ||   468
Block: Buckler           |       |     2 |       |    35 ||    37
